 Dungeon Crawl Stone Soup version 0.30-a0-358-g0d69a1922f (webtiles) character file.

Game seed: 5618199396187803674

110560 blackman the Fencer (level 17, -5/131 HPs)
             Began as a Human Delver on Nov 8, 2022.
             Was a High Priest of the Shining One.
             Succumbed to naga's concentrated venom
             ... on level 1 of the Snake Pit.
             The game lasted 01:07:48 (30096 turns).

blackman the Fencer (Human Delver)                 Turns: 30096, Time: 01:07:48

Health: -5/131     AC: 34    Str: 14    XL:     17   Next: 10%
Magic:  25/27      EV: 12    Int: 13    God:    the Shining One [*****.]
Gold:   3596       SH: 11    Dex: 25    Spells: 16/16 levels left

rFire   + . .      SeeInvis .    a - +5 triple sword (distort)
rCold   + . .      Faith    +    (shield currently unavailable)
rNeg    + + .      Spirit   .    T - +18 Lear's hauberk
rPois   .          Reflect  .    (helmet currently unavailable)
rElec   .          Harm     .    Q - scarf {rC+ rF+}
rCorr   .          Rampage  .    (gloves currently unavailable)
Will    +....      Clarity  +    (boots currently unavailable)
Stlth   ..........               i - amulet of faith
HPRegen 0.41/turn                V - +6 ring of dexterity
MPRegen 0.20/turn                O - +4 ring of protection

@: lethally poisoned (-5 -> -27), divinely shielded, slowed, glowing, studying
Ice Magic, very slow
A: clarity, inability to drink after injury 1
a: Renounce Religion, Divine Shield, Cleansing Flame, Summon Divine Warrior


You were on level 1 of the Snake Pit.
You worshipped the Shining One.
The Shining One was extremely pleased with you.
You visited 5 branches of the dungeon, and saw 24 of its levels.
You also visited: Bailey, Gauntlet and Ice Cave.

You collected 4162 gold pieces.
You spent 566 gold pieces at shops.

Inventory:

Hand Weapons
 a - a +5 triple sword of distortion (weapon)
 y - the +4 long sword of Guilt {spect, rPois rF+ rN+}
   (You found it on level 6 of the Dungeon)

   When its wielder attacks, the weapon's spirit leaps out and strikes again.
   The spirit shares a part of any damage it takes with its wielder.
   rF:        It protects you from fire.
   rPois:     It protects you from poison.
   rN:        It protects you from negative energy.
Missiles
 e - 3 curare-tipped darts
 v - 63 poisoned darts (quivered)
 F - 19 boomerangs
Armour
 u - a +0 cloak of willpower
 J - a +2 helmet
 Q - a scarf of resistance (worn)
 T - the +18 Lear's hauberk (worn)
   (You took it off a minotaur in a Gauntlet)
Jewellery
 h - a +6 ring of strength
 i - an amulet of faith (around neck)
 C - a ring of wizardry
 G - a ring of flight
 K - a ring of see invisible
 L - a +4 ring of protection
 N - a +6 ring of intelligence
 O - a +4 ring of protection (right hand)
 P - a ring of protection from fire
 V - a +6 ring of dexterity (left hand)
Wands
 d - a wand of acid (11)
 g - a wand of digging (13)
 o - a wand of charming (7)
 H - a wand of roots (5)
 M - a wand of flame (35)
Scrolls
 c - a scroll of fog
 l - 4 scrolls of amnesia
 q - 10 scrolls of teleportation
 w - a scroll of magic mapping
 I - 16 scrolls of identify
 U - 2 scrolls of fear
 X - a scroll of enchant armour
 Y - a scroll of brand weapon
Potions
 j - 3 potions of flight
 k - a potion of resistance
 n - 3 potions of might
 p - a potion of haste
 r - 7 potions of attraction
 s - 3 potions of berserk rage
 x - 4 potions of brilliance
 z - a potion of invisibility
 B - a potion of ambrosia {unknown}
 D - 3 potions of magic {unknown}
 S - 2 potions of cancellation {unknown}
Miscellaneous
 b - a tin of tremorstones (2/2)
 A - a phantom mirror
 E - a box of beasts
 W - a phial of floods


   Skills:
 - Level 11.1 Fighting
 - Level 19.3 Long Blades
 * Level 11.7 Armour
 - Level 9.8 Dodging
 - Level 5.0 Stealth
 - Level 13.8 Invocations


You had 16 spell levels left.
You didn't know any spells.
Your spell library contained the following spells:

 Spells                   Type           Power      Damage    Failure   Level
 Apportation              Tloc           0%         N/A       98%         1
 Beastly Appendage        Tmut           0%         N/A       98%         1
 Freeze                   Ice            0%         1d3       98%         1
 Necrotise                Necr           0%         1d4       98%         1
 Summon Small Mammal      Summ           0%         N/A       98%         1
 Ensorcelled Hibernation  Hex/Ice        0%         N/A       99%         2
 Wereblood                Tmut           0%         N/A       99%         2
 Frozen Ramparts          Ice            0%         1d1       100%        3
 Hailstorm                Conj/Ice       0%         3d3       100%        3
 Ignite Poison            Fire/Tmut/Pois 0%         N/A       100%        3
 Kindle Blastsparks       Fire/Tloc/Air  0%         2d10      100%        3
 Spider Form              Tmut/Pois      0%         N/A       100%        3
 Anguish                  Hex/Necr       0%         N/A       100%        4
 Ice Form                 Ice/Tmut       0%         N/A       100%        4
 Petrify                  Tmut/Erth      0%         N/A       100%        4
 Summon Ice Beast         Ice/Summ       0%         N/A       100%        4
 Freezing Cloud           Conj/Ice/Air   0%         6-21      100%        5
 Metabolic Englaciation   Hex/Ice        0%         N/A       100%        5
 Statue Form              Tmut/Erth      0%         N/A       100%        6


Dungeon Overview and Level Annotations

Branches:
Dungeon (15/15)            Temple (1/1) D:5            Lair (5/5) D:11
 Shoals (0/4) Lair:2        Snake (1/4) Lair:2        Slime (0/5) Lair:4
    Orc (2/2) D:12            Elf (0/3) Orc:2        Vaults (0/5) D:13
 Depths (0/4) D:15         Bailey (visited)           IceCv (visited)
Gauntlet (visited)

Altars:
Ashenzari
Cheibriados
Dithmenos
Elyvilon
Fedhas
Gozag
Hepliaklqana
Kikubaaqudgha
Makhleb
Nemelex Xobeh
Okawaru
Qazlal
Ru
Sif Muna
Trog
Uskayaw
Vehumet
Wu Jian
Xom
Yredelemnul
Zin
The Shining One
Jiyva

Shops:
D:2 !   Orc:1 *   Orc:2 (=!(

Annotations:
Abyss:1 Gastronok, Grum, Harold


Innate Abilities, Weirdness & Mutations

You possess an exceptional clarity of mind.
You occasionally lose the ability to drink potions when taking damage.


Message History

* * * LOW HITPOINT WARNING * * *
You feel as though you will be slow longer.
A divine shield forms around you!
You feel very sick.
You block the naga mage's attack. x2; The naga mage constricts you.
The salamander shoots an arrow.
The arrow hits you.
* * * LOW HITPOINT WARNING * * *
The naga hits you but does no damage.
The naga mage hits you but does no damage.
The naga mage constricts you.
* * * LOW HITPOINT WARNING * * *
The naga mage hits you but does no damage.
The salamander shoots an arrow.
The arrow misses you.
You feel better. You block the naga mage's attack.
The naga mage constricts you.
The naga mage hits you but does no damage.
You block the naga's attack.
The salamander shoots an arrow.
You block the arrow.
The naga mage gestures at you while chanting.
The bolt of poison hits you but does no damage.
You are poisoned.
The naga mage constricts you.
The naga mage casts a spell at the naga.
The naga seems to grow toxic.
The naga spits poison at you.
The splash of poison hits you but does no damage.
You are lethally poisoned!
You have difficulty breathing.
* * * LOW HITPOINT WARNING * * *
You feel as though you will be slow longer.
As you read the scroll of fear, it crumbles to dust.
You assume a fearsome visage.
The naga mage looks frightened! x2
The naga looks frightened!
The salamander looks frightened!
* * * LOW HITPOINT WARNING * * *
You feel extremely sick. The naga mage loses its grip on you.
It was a potion of mutation.
You feel extremely strange.
You occasionally lose the ability to drink potions when taking damage.
Your thoughts seem clearer.
You die...

.....#####........
......#.................
..N...#.................
......#.................
..........N.............
.......N................
........................
...N..†@.......)........
..........)....)†.......
......#.................
......##..........<.....
..... ##...(...).......
....# #...............
.... #.............##
.## .^.........#####
............


You could see a salamander (fleeing), 2 naga magi and a naga (curare, fleeing).

Vanquished Creatures
  An ironbound preserver (D:13)
  A reaper (IceCv)
  3 hydras
  An ogre mage (D:15)
  3 centaur warriors
  3 boulder beetles
  A death knight (D:15)
  8 death yaks
  3 catoblepae
  6 two-headed ogres
  4 satyrs (D:15)
  4 tengu warriors
  3 orc high priests (Orc:2)
  Urug (Lair:3)
  Amaemon (Lair:3)
  2 shadow wraiths (D:15)
  5 skeletal warriors (D:14)
  A harpy (shapeshifter) (D:14)
  A deep elf zephyrmancer (D:12)
  A mana viper (shapeshifter) (D:15)
  5 orc knights
  10 ugly things
  4 manticores
  5 orc sorcerers
  A merfolk siren (Lair:2)
  5 cyclopes
  13 elephants
  2 ice statues (IceCv)
  7 black mambas
  A naga mage (Snake:1)
  A guardian serpent (Snake:1)
  17 cane toads
  An orange demon (Lair:3)
  2 smoke demons (Gauntlet)
  4 gargoyles
  A hellion (Gauntlet)
  An unseen horror (D:10)
  A kobold demonologist (D:13)
  A rime drake (Lair:4)
  4 komodo dragons
  A tengu conjurer (D:15)
  7 ice devils (IceCv)
  6 trolls
  A red devil (Gauntlet)
  2 polar bears (Lair:2)
  A queen bee (shapeshifter) (D:13)
  3 tyrant leeches (Lair:5)
  6 slime creatures
  18 blink frogs
  3 dream sheep (D:15)
  7 wyverns
  A spriggan (shapeshifter) (D:15)
  2 shadows (D:9)
  19 yaks
  2 wraiths (D:12)
  4 basilisks
  14 vampire mosquitoes
  2 steam dragons
  A death yak simulacrum (IceCv)
  2 wargs (Orc:1)
  5 nagas
  2 harpy simulacra (IceCv)
  A hell hound (Gauntlet)
  3 acid dragons
  9 water moccasins
  A black bear (D:4)
  22 orc warriors
  15 wolves
  5 ogres
  10 centaurs
  3 phantoms (D:5)
  9 kobold brigands
  13 bullfrogs
  5 scorpions
  3 two-headed ogre simulacra (IceCv)
  3 cane toad simulacra (IceCv)
  14 wights
  2 elephant simulacra (IceCv)
  6 killer bees (D:7)
  An electric eel (D:12)
  A howler monkey (D:9)
  3 crimson imps (Gauntlet)
  3 hounds
  15 orc priests
  Terence (D:2)
  15 orc wizards
  A spriggan simulacrum (IceCv)
  4 troll simulacra (IceCv)
  4 hell rats (Lair:2)
  A polar bear simulacrum (IceCv)
  Robin (D:3)
  6 adders
  2 naga simulacra (IceCv)
  2 shadow imps
  3 white imps
  An ufetubus (IceCv)
  2 dart slugs (D:5)
  60 orcs
  11 ball pythons
  7 endoplasms
  4 giant cockroaches
  16 goblins
  7 hobgoblins
  2 jackals (D:1)
  2 quokkas
  2 training dummies (D:4)
  6 bats
  7 frilled lizards
  30 kobolds
  4 rats
596 creatures vanquished.

Vanquished Creatures (collateral kills)
  Rupert (Lair:3)
  Kirke (Lair:5)
  A minotaur (Gauntlet)
  Snorg (D:13)
  2 hydras
  Sonja (Lair:5)
  2 goliath frogs (Lair:5)
  An ugly thing (D:13)
  3 elephants
  A black mamba (Lair:4)
  8 cane toads
  A rime drake (Lair:3)
  A komodo dragon (Lair:4)
  A slime creature (D:13)
  7 blink frogs (Lair:5)
  13 yaks
  A hog (Lair:5)
  A basilisk (Lair:4)
  3 vampire mosquitoes
  4 water moccasins
  2 wolves (Lair:5)
  3 bullfrogs
59 creatures vanquished.

Vanquished Creatures (others)
  A two-headed ogre (D:13)
  2 humans (Lair:5)
  An orc warrior (Orc:1)
  An orc (Orc:1)
  29 fungi
  86 plants
120 creatures vanquished.

Grand Total: 775 creatures vanquished

Notes
Turn   | Place    | Note
-------+----------+-------------------------------------------
     0 | D:5      | blackman the Human Delver began the quest for the Orb.
     0 | D:5      | Reached XP level 1. HP: 18/18 MP: 1/1
    10 | D:5      | Noticed a scorpion
    21 | D:5      | Noticed a phantom
    41 | D:6      | Noticed a bullfrog
   114 | D:6      | Identified the +4 long sword of Guilt {spect, rPois rF+
                  | rN+}
   228 | D:4      | Noticed a black bear
   231 | D:4      | Killed a black bear
   232 | D:4      | Reached skill level 4 in Long Blades
   232 | D:4      | Reached XP level 2. HP: 23/24 MP: 2/2
   232 | D:4      | Reached XP level 3. HP: 27/29 MP: 3/3
   232 | D:4      | Reached XP level 4. HP: 33/35 MP: 4/4
   232 | D:4      | Reached XP level 5. HP: 39/41 MP: 5/5
   268 | D:4      | Noticed an ogre
   274 | D:4      | Killed an ogre
   275 | D:4      | Reached skill level 5 in Long Blades
   278 | D:4      | Reached XP level 6. HP: 34/47 MP: 6/6
   580 | D:5      | Found a staircase to the Ecumenical Temple.
   606 | Temple   | Entered the Ecumenical Temple
   788 | Temple   | Became a worshipper of the Shining One
   815 | D:5      | Reached skill level 6 in Long Blades
   985 | D:5      | Noticed a water moccasin
   997 | D:5      | Reached skill level 7 in Long Blades
   997 | D:5      | Reached XP level 7. HP: 36/52 MP: 7/7
  1066 | D:5      | Killed a water moccasin
  1323 | D:3      | Noticed Robin
  1331 | D:3      | Killed Robin
  1583 | D:3      | Found a stormy altar of Qazlal.
  1800 | D:3      | Reached skill level 8 in Long Blades
  1946 | D:2      | Found a glowing golden altar of the Shining One.
  1954 | D:2      | Found Kiptaube's Distillery.
  1969 | D:2      | Noticed Terence
  1974 | D:2      | Killed Terence
  3252 | D:3      | Found an ancient bone altar of Kikubaaqudgha.
  3632 | D:4      | Reached XP level 8. HP: 58/58 MP: 8/8
  3944 | D:5      | Reached skill level 9 in Long Blades
  3948 | D:5      | Reached * piety under the Shining One
  4363 | D:5      | Reached skill level 10 in Long Blades
  4965 | D:6      | Reached XP level 9. HP: 63/63 MP: 9/9
  5023 | D:6      | Found a white marble altar of Elyvilon.
  5409 | D:7      | Reached skill level 11 in Long Blades
  5794 | D:7      | Reached skill level 12 in Long Blades
  6214 | D:7      | Found a shimmering blue altar of Sif Muna.
  6214 | D:7      | Found an opulent altar of Gozag.
  6840 | D:8      | Reached skill level 13 in Long Blades
  6840 | D:8      | Reached XP level 10. HP: 63/70 MP: 10/10
  6950 | D:8      | Reached ** piety under the Shining One
  7067 | D:8      | Found a burning altar of Makhleb.
  7073 | D:8      | Found a shadowy altar of Dithmenos.
  7075 | D:8      | Found a sparkling altar of Nemelex Xobeh.
  7494 | D:9      | Noticed Harold
  7567 | D:9      | Found a flagged portal.
  7629 | Bailey   | Entered a bailey
  7707 | Bailey   | Reached skill level 14 in Long Blades
  7744 | Bailey   | Found a burning altar of Makhleb.
  8436 | D:9      | Banished Harold
  8437 | D:9      | Reached skill level 5 in Dodging
  8478 | D:9      | Reached XP level 11. HP: 22/75 MP: 11/11
  9217 | D:10     | Entered Level 10 of the Dungeon
  9662 | D:10     | Reached *** piety under the Shining One
 10494 | D:11     | Noticed Grum
 10506 | D:11     | Banished Grum
 10590 | D:11     | Noticed a tengu warrior
 10591 | D:11     | Noticed a tengu warrior
 10605 | D:10     | Killed a tengu warrior
 10960 | D:11     | Killed a tengu warrior
 10961 | D:11     | Reached skill level 5 in Fighting
 11245 | D:11     | Found a staircase to the Lair.
 11624 | D:12     | Found a broken altar of Ashenzari.
 11867 | D:12     | Noticed a deep elf zephyrmancer
 11872 | D:12     | Killed a deep elf zephyrmancer
 11873 | D:12     | Reached XP level 12. HP: 35/91 MP: 12/12
 12178 | D:12     | Noticed a centaur warrior
 12180 | D:12     | Banished a centaur warrior
 12272 | D:12     | Noticed a two-headed ogre
 12279 | D:12     | Killed a two-headed ogre
 12385 | D:12     | Noticed a boulder beetle
 12413 | D:12     | Killed a boulder beetle
 12822 | D:12     | Found a staircase to the Orcish Mines.
 13057 | D:13     | Reached skill level 10 in Fighting
 13101 | D:13     | Noticed a two-headed ogre
 13106 | D:13     | Reached **** piety under the Shining One
 13108 | D:13     | Reached skill level 1 in Invocations
 13128 | D:13     | Noticed an ironbound preserver
 13157 | D:13     | Killed an ironbound preserver
 13158 | D:13     | Reached skill level 5 in Invocations
 13337 | Orc:1    | Entered Level 1 of the Orcish Mines
 13337 | Orc:1    | Found Geuxti's Assorted Antiques.
 13362 | Orc:1    | Noticed a sixfirhy
 13924 | Orc:1    | Paralysed by an orc sorcerer for 2 turns
 14003 | Orc:1    | Reached XP level 13. HP: 101/103 MP: 16/18
 15188 | Orc:2    | Entered Level 2 of the Orcish Mines
 15362 | Orc:2    | Found a staircase to the Elven Halls.
 15551 | Lair:1   | Entered Level 1 of the Lair of Beasts
 15662 | Lair:1   | Noticed Gastronok
 15672 | Lair:1   | Banished Gastronok
 15673 | Lair:1   | Reached skill level 15 in Long Blades
 16618 | Lair:2   | Noticed a five-headed hydra
 16627 | Lair:2   | Killed a nine-headed hydra
 16697 | Lair:2   | Reached skill level 16 in Long Blades
 17041 | Lair:2   | Found a staircase to the Shoals.
 17168 | Lair:2   | Reached ***** piety under the Shining One
 17195 | Lair:2   | Found a staircase to the Snake Pit.
 17282 | Lair:2   | Noticed a catoblepas
 17284 | Lair:2   | Noticed a five-headed hydra
 17300 | Lair:2   | Killed a catoblepas
 17309 | Lair:2   | HP: 2/103 [ten-headed hydra (4)]
 17802 | Lair:2   | Identified a scroll of acquirement
 17802 | Lair:2   | Acquired 1088 gold pieces
 17821 | Lair:3   | Noticed Urug
 17837 | Lair:3   | Killed Urug
 17899 | Lair:3   | Reached skill level 17 in Long Blades
 18096 | Lair:3   | Reached XP level 14. HP: 108/110 MP: 19/19
 18129 | Lair:3   | Noticed Amaemon
 18142 | Lair:3   | Killed Amaemon
 18158 | Lair:3   | Found a frozen archway.
 18172 | IceCv    | Entered an ice cave
 19300 | IceCv    | Noticed a reaper
 19317 | IceCv    | Killed a reaper
 19395 | IceCv    | Identified the +2 chain mail "Gaecu" {rF+ Str+4 Stlth-}
 20009 | Lair:3   | Noticed Rupert
 20023 | Lair:3   | Killed Rupert
 20024 | Lair:3   | Reached skill level 10 in Invocations
 20937 | Lair:4   | Found a viscous altar of Jiyva.
 20938 | Lair:4   | Found a staircase to the Slime Pits.
 21226 | Lair:5   | Entered Level 5 of the Lair of Beasts
 21246 | Lair:5   | Reached XP level 15. HP: 46/115 MP: 15/24
 21271 | Lair:5   | Noticed Kirke
 21281 | Lair:5   | Killed Kirke
 21611 | Lair:5   | Noticed Sonja
 21628 | Lair:5   | Killed Sonja
 21629 | Lair:5   | Reached skill level 18 in Long Blades
 22649 | Lair:5   | The Shining One protects you from harm!
 23588 | Lair:5   | Reached skill level 1 in Armour
 23772 | Lair:5   | Identified the +7 mace of Mana {speed, *Rage rElec Will+
                  | rCorr}
 24410 | Orc:2    | Found Rerimupn's Antique Weapon Emporium.
 24416 | Orc:2    | Paralysed by an orc sorcerer for 5 turns
 24447 | Orc:2    | Reached XP level 16. HP: 45/125 MP: 9/26
 24449 | Orc:2    | Reached skill level 5 in Armour
 24893 | Orc:2    | Found Womulut's Distillery.
 24902 | Orc:2    | Bought a potion of heal wounds for 85 gold pieces
 24902 | Orc:2    | Bought a potion of heal wounds for 85 gold pieces
 24902 | Orc:2    | Found Pulahile's Weapon Boutique.
 24904 | Orc:2    | Found Ifigg's Jewellery Emporium.
 25221 | D:13     | Found a gate to the Vaults.
 25364 | D:13     | Noticed Snorg
 25372 | D:13     | HP: 2/125 [boulder beetle (13)]
 25383 | D:13     | Killed Snorg
 26249 | Orc:2    | Bought a +6 ring of dexterity for 396 gold pieces
 27974 | D:15     | Entered Level 15 of the Dungeon
 28024 | D:15     | Reached skill level 19 in Long Blades
 28058 | D:15     | Found a gate leading to a gauntlet.
 28067 | Gauntlet | Entered a Gauntlet
 28067 | Gauntlet | Found a transporter.
 28110 | Gauntlet | Found a transporter.
 28121 | Gauntlet | Found a transporter.
 28124 | Gauntlet | Found a transporter.
 28135 | Gauntlet | Found a transporter.
 28148 | Gauntlet | Found a transporter.
 28159 | Gauntlet | Found a transporter.
 28176 | Gauntlet | Found a transporter.
 28176 | Gauntlet | Found a transporter.
 28179 | Gauntlet | Found a transporter.
 28204 | Gauntlet | Found a transporter.
 28204 | Gauntlet | Found a transporter.
 28256 | Gauntlet | Found a transporter.
 28268 | Gauntlet | Found a transporter.
 28450 | Gauntlet | Identified the +3 scale mail of Insecurity {rPois rF+}
 28479 | Gauntlet | Identified the +11 quarterstaff "Ibaqavah" {pain, rElec rF+
                  | Dex+4}
 28492 | Gauntlet | Identified the +2 tower shield of Vlad {+Inv rPois Stlth-}
 28492 | Gauntlet | Identified the +1 storm dragon scales of the Crushed Tales
                  | {Harm +Inv rElec rPois Will-}
 28502 | Gauntlet | Identified the ring of Atwowydgh {Ice rElec}
 28575 | D:15     | Found an iron altar of Okawaru.
 28789 | D:15     | Reached skill level 10 in Armour
 29386 | D:15     | Reached XP level 17. HP: 34/131 MP: 17/27
 29626 | D:15     | Found the +5 robe of Night {Dark Will+ SInv}
 29901 | D:15     | Found a staircase to the Depths.
 30053 | Snake:1  | Entered Level 1 of the Snake Pit
 30095 | Snake:1  | HP: 3/131 [poisoned by naga (concentrated venom)]
 30096 | Snake:1  | Gained mutation: You occasionally lose the ability to drink
                  | potions when taking damage. [potion of mutation]
 30096 | Snake:1  | Gained mutation: You possess an exceptional clarity of
                  | mind. [potion of mutation]
 30096 | Snake:1  | Succumbed to naga's concentrated venom

Illustrated notes

Levels and vault maps discovered:
D:1:      lightli_iron_boxes, layout_loops_ring, minmay_pentomino_u2
D:2:      layout_rooms, basic_altar, serial_shops, shop, serial_curves,
          eino_curves_03, eino_curves_04, eino_tiny_chamber, uniq_terence
D:3:      layout_loops_corners, mainiacjoe_overflow_boulevard,
          mainiacjoe_overflow_alcove_1, serial_rivers,
          chequers_serial_rivers_small_3, chequers_serial_rivers_micro_a,
          chequers_serial_rivers_micro_e, chequers_serial_rivers_marsh,
          chequers_serial_rivers_micro_a, minmay_close_crescents, uniq_robin
D:4:      dreamdust_elfheim, layout_basic
D:5:      layout_loops_corners, temple_pool_b
D:6:      layout_basic, mainiacjoe_overflow_catwalk
D:7:      layout_basic, gammafunk_temple_overflow_wave,
          hellmonk_bongcloud_opening
D:8:      layout_cave_pools, grunt_temple_overflow_open
D:9:      layout_loops_ring, enter_bailey_8, minmay_between, uniq_harold
D:10:     layout_roguey [special_room_orc]
D:11:     layout_small_grid, lair_entry_dummy, uniq_grum
D:12:     minmay_distorted_concentric_squares, layout_basic,
          grunt_decor_arrowhead, evilmike_ruin_ashenzari
D:13:     layout_long_grid, skrybe_vaults_entry_preservation, uniq_snorg
D:14:     layout_basic, chequers_decorated_corner
D:15:     grunt_enter_depths_snipers, layout_irregular_city,
          gauntlet_entry_generic, okawaru_metal_pillars_3,
          hellmonk_guarded_unrand_night
Temple:   nicolae_temple_bog_church
Lair:1:   layout_small_grid, minivault_24, lemuel_fruit_tree,
          lemuel_fruit_fields, infiniplex_staircase_pool_2, uniq_gastronok
Lair:2:   nzn_winding_woodlands_three_and_one
          [nzn_winding_woodlands_5x15_parted,
          nzn_winding_woodlands_5x15_concentric,
          nzn_winding_woodlands_5x15_sawtooth,
          nzn_winding_woodlands_center_triple_pond], layout_regular_city,
          minmay_shoals_entry_lonely_mermaid, minmay_snake_entry_guardpost_small
Lair:3:   layout_chaotic_city, portal_ice_cave_entry_pillars_2,
          infiniplex_staircase_pool, grunt_megastairs_2, uniq_urug, uniq_rupert,
          uniq_amaemon
Lair:4:   layout_regular_city, dpeg_slime_entry_corner,
          hangedman_lair_unloving_vines, nicolae_quartered_pool_impasse,
          st_stairs_9
Lair:5:   minmay_lair_end_frog_pond, layout_misc_corridors, lemuel_fruit_fields,
          uniq_sonja, uniq_kirke
Snake:1:  layout_grid_shapes, serial_bayou_shore_b, grunt_megastairs_1
Orc:1:    layout_caves, basic_altar, serial_shops, shop, minmay_orc_keep
Orc:2:    st_orc_elflike, layout_diamond_mine, nicolae_orc_damp_corner,
          nicolae_orc_pool_cavern, mines_bat_river

Skill      XL: |  1  2  3  4  5  6  7  8  9 10 11 12 13 14 15 16 |
---------------+-------------------------------------------------+-----
Long Blades    | 4 5 7 8 10 13 14 17 18 19 | 19.3
Dodging        | 6 9 |  9.8
Fighting       | 7 10 11 | 11.1
Invocations    | 6 7 12 13 | 13.8
Armour         | 4 11 | 11.7
Stealth        | |  5.0

Action                   |  1- 3 |  4- 6 |  7- 9 | 10-12 | 13-15 | 16-18 || total
-------------------------+-------+-------+-------+-------+-------+-------++-------
Melee: Long sword        |     2 |    30 |   132 |       |       |       ||   164
       Punch             |       |     1 |     1 |       |       |       ||     2
       Triple sword      |       |       |    57 |   347 |   555 |   250 ||  1209
 Fire: Arbalest          |       |       |    60 |       |       |       ||    60
Throw: Dart              |       |       |       |     7 |     5 |       ||    12
       Throwing net      |       |       |       |     2 |       |       ||     2
Invok: Divine Shield     |       |       |       |       |     8 |     6 ||    14
       Cleansing Flame   |       |       |       |       |    19 |     4 ||    23
       Summon Divine War |       |       |       |       |     6 |     2 ||     8
Evoke: Wand              |       |       |     1 |     9 |    10 |     1 ||    21
       Phantom mirror    |       |       |       |     2 |     4 |       ||     6
       Tin of tremorston |       |       |       |     2 |     2 |       ||     4
       Phial of floods   |       |       |       |       |     1 |       ||     1
  Use: Scroll            |       |     2 |     9 |     8 |     9 |     3 ||    31
       Potion            |       |       |     2 |    11 |    12 |     7 ||    32
 Stab: Sleeping          |       |     1 |       |       |       |       ||     1
Armor: Leather armour    |     1 |     2 |    73 |    33 |       |       ||   109
       Acid dragon scale |       |       |       |    24 |       |       ||    24
       Scale mail        |       |       |       |    66 |   349 |    65 ||   480
       Chain mail        |       |       |       |       |       |    97 ||    97
Dodge: Dodged            |     1 |     8 |   127 |   281 |   578 |   204 ||  1199
Block: Other             |       |       |       |       |    95 |    47 ||   142

Table legend: (Time is in decaauts)
 A = Elapsed time spent in this place.
 B = Non-inter-level travel time spent in this place.
 C = Inter-level travel time spent in this place.
 D = Time resting spent in this place.
 E = Time spent auto-exploring this place.
 F = Levels seen in this place.
 G = Mean time per level.
                   A        B        C        D        E       F      G
               +--------+--------+--------+--------+--------+-----+--------+
         Total |  30195 |  28622 |   1573 |   7645 |  16387 |  27 | 1118.3 |
       Dungeon |  18616 |  17560 |   1056 |   4438 |  10848 |  15 | 1241.1 |
        Temple |    197 |    162 |     35 |      0 |    146 |   1 |  197.0 |
          Lair |   7238 |   6952 |    286 |   2020 |   3659 |   5 | 1447.6 |
     Snake Pit |     44 |     44 |      0 |      0 |     10 |   1 |   44.0 |
  Orcish Mines |   1986 |   1793 |    193 |    488 |    984 |   2 |  993.0 |
        Bailey |    353 |    353 |      0 |      7 |    223 |   1 |  353.0 |
      Ice Cave |   1286 |   1286 |      0 |    691 |    267 |   1 | 1286.0 |
      Gauntlet |    472 |    472 |      0 |      0 |    247 |   1 |  472.0 |
               +--------+--------+--------+--------+--------+-----+--------+

Top non-repeatable levels by time:
    D:12: 3048 daAuts
  Lair:4: 2746 daAuts
    D:10: 1593 daAuts
    D:13: 1497 daAuts
    D:15: 1463 daAuts
     D:7: 1414 daAuts
    D:14: 1411 daAuts
     D:5: 1364 daAuts
   Orc:2: 1342 daAuts
     D:9: 1311 daAuts
   IceCv: 1286 daAuts
  Lair:2: 1222 daAuts
  Lair:5: 1188 daAuts
  Lair:1: 1145 daAuts
     D:3: 1085 daAuts
